Map: Ley Lines

Players

ManlyManMeat

  • Race: Zerg Zerg
  • League: Master
  • Spawn Location: 1:00

LexoZoom - Winner!

  • Race: Terran Terran
  • Spawn Location: 7:00

VOD

Have the link to the VOD?

Description

Time

  • Played on: June 15, 2025, 10:48 a.m.
  • Length: 12:02
Show
View Real Time Build Order
Export as new Build Order

ManlyManMeat Zerg 

Build Orders: Hatch First 

Get SALT Encoding   

  12  0:08  Overlord  
  13  0:14  Drone  
  13  0:20  Drone  
  14  0:26  Drone  
  15  0:34  Drone  
  16  0:40  Drone  
  17  0:51  Hatchery  
  17  0:55  Drone  
  17  1:09  Spawning Pool  
  16  1:12  Drone  
  16  1:17  Extractor  
  16  1:18  Drone  
  17  1:27  Drone  
  18  1:34  Drone  
  19  1:44  Drone  
  20  2:00  Overlord  
  20  2:01  Queen  
  20  2:03  Queen  
  20  2:04  Drone  
  25  2:10  Drone  
  26  2:19  Metabolic Boost  
  26  2:20  Zergling x4  
  28  2:25  Drone  
  29  2:41  Overlord  
  29  2:51  Drone  
  30  2:53  Overlord  
  30  2:57  Overlord  
  30  2:59  Hatchery  
  30  3:01  Drone  
  30  3:08  Queen  
  32  3:21  Drone x4  
  36  3:28  Drone x2  
  36  3:29  Drone  
  39  3:41  Lair  
  39  3:46  Roach Warren  
  38  3:59  Drone x5, Baneling Nest  
  38  4:00  Overlord  
  42  4:06  Zergling x4  
  44  4:19  Overlord  
  44  4:20  Drone x2  
  44  4:21  Overlord  
  44  4:22  Zergling x4  
  48  4:28  Queen  
  50  4:34  Queen  
  52  4:45  Evolution Chamber  
  52  4:46  Evolution Chamber  
  50  5:00  Drone x5  
  50  5:03  Spore Crawler x2  
  50  5:04  Spore Crawler  
  50  5:05  Spore Crawler  
  50  5:06  Spore Crawler  
  50  5:07  Drone x2, Spore Crawler  
  51  5:27  Hydralisk Den  
  50  5:30  Spire  
  49  5:41  Roach x3  
  55  5:43  Zergling x16  
  58  6:01  Zergling x18  
  60  6:19  Roach  
  60  6:20  Roach x4  
  70  6:27  Zergling x2  
  71  6:35  Queen  
  71  6:39  Overlord x2  
  73  6:54  Overlord x2  
  73  6:56  Drone  
  73  6:57  Queen  
  76  7:19  Drone  
  76  7:20  Drone x3  
  80  7:26  Drone x4, Extractor x2  
  82  7:30  Hatchery  
  82  7:36  Centrifugal Hooks  
  82  7:37  Drone x5  
  82  7:38  Drone x4  
  82  7:42  Drone x3  
  82  7:44  Zergling x10  
  98  8:07  Ravager  
  98  8:08  Ravager  
  98  8:11  Baneling  
  100  8:15  Extractor  
  100  8:17  Extractor  
  100  8:19  Drone x7  
  105  8:29  Zergling x2, Overlord  
  105  8:30  Overlord x4  
  106  8:56  Hatchery  
  82  9:19  Zergling x2, Roach  
  82  9:20  Roach x10  
  99  9:31  Baneling x2  
  99  9:49  Zergling x16  
  84  10:10  Roach x10  
  92  10:25  Zergling x6  
  93  10:36  Ravager x7  
  93  10:40  Zergling x8  
  104  11:01  Baneling  
  104  11:02  Baneling x8  
  103  11:07  Hatchery  
  102  11:11  Zergling x16  
  102  11:14  Hatchery  
  92  11:27  Zergling x2  
  92  11:28  Zergling x10  
  92  11:32  Baneling x9  
Show
View Real Time Build Order
Export as new Build Order

LexoZoom Terran - Winner!

Build Orders:  

Get SALT Encoding   

  12  0:03  SCV  
  13  0:15  SCV  
  13  0:18  Supply Depot  
  15  0:28  SCV  
  15  0:42  Barracks  
  15  0:45  SCV  
  15  0:49  Refinery  
  16  1:01  SCV  
  17  1:15  SCV  
  18  1:27  SCV  
  19  1:34  Barracks Reactor  
  19  1:39  SCV  
  20  1:46  Command Center  
  21  1:58  Orbital Command  
  20  2:05  Refinery  
  20  2:06  Supply Depot  
  20  2:11  Factory  
  20  2:13  Marine  
  20  2:14  Marine  
  22  2:23  SCV  
  23  2:34  Marine x2  
  23  2:36  SCV  
  26  2:48  SCV  
  27  2:53  Marine x2  
  27  2:56  Factory Tech Lab  
  27  2:58  Starport  
  29  3:03  SCV  
  29  3:05  Orbital Command  
  29  3:20  SCV  
  29  3:22  Siege Tank  
  29  3:24  Marine x2  
  35  3:30  SCV  
  35  3:33  SCV  
  37  3:40  Supply Depot  
  37  3:41  Starport Reactor  
  37  3:42  SCV  
  37  3:44  Marine  
  37  3:45  SCV  
  37  3:47  Marine  
  41  3:54  SCV  
  42  3:58  Siege Tank  
  42  4:00  SCV  
  42  4:02  Marine  
  47  4:07  SCV  
  47  4:09  Supply Depot  
  48  4:12  SCV  
  49  4:19  SCV, Medivac  
  52  4:24  SCV  
  52  4:27  Marine  
  52  4:30  Marine  
  52  4:31  SCV, Medivac  
  57  4:32  Supply Depot  
  57  4:36  Refinery  
  57  4:37  Refinery, SCV  
  59  4:43  SCV  
  60  4:48  Marine  
  60  4:49  SCV  
  62  4:53  Siege Tank  
  62  4:54  Supply Depot  
  62  4:55  SCV  
  66  5:01  SCV  
  66  5:05  Marine  
  66  5:06  Medivac  
  70  5:07  Barracks  
  70  5:09  Barracks  
  70  5:16  SCV x2  
  70  5:18  Marine  
  70  5:21  Supply Depot  
  71  5:44  Marine x2  
  71  5:45  Siege Tank, Medivac  
  65  6:06  Marine x2  
  64  6:15  Medivac  
  64  6:17  Siege Tank  
  66  6:24  Marine x2  
  68  6:25  Barracks Tech Lab x2  
  68  6:29  SCV x2  
  70  6:39  Supply Depot  
  70  6:40  Supply Depot  
  70  6:41  Supply Depot, SCV  
  70  6:42  Marine  
  72  6:47  Medivac x2  
  72  6:49  Barracks x3  
  78  6:54  Marauder x2, Marine  
  78  7:00  Marine  
  82  7:03  SCV x2  
  84  7:12  Marine  
  84  7:15  SCV  
  86  7:19  Command Center  
  86  7:23  Stimpack  
  86  7:24  Combat Shield  
  86  7:28  Supply Depot, SCV x2  
  88  7:34  Command Center  
  88  7:37  Barracks Reactor x3  
  88  7:40  SCV x2  
  88  7:43  Starport  
  90  8:13  Marauder x2, Marine x3  
  90  8:14  Marine x5  
  102  8:31  Marine x2, SCV  
  102  8:32  SCV  
  107  8:35  Marauder x2, Orbital Command  
  110  8:41  Starport Tech Lab  
  110  8:42  Marine x4  
  110  8:43  Marine x2  
  110  8:44  Siege Tank  
  110  8:45  Medivac x2  
  123  8:48  Supply Depot x2  
  123  8:49  Marine x2  
  123  8:51  Supply Depot, Concussive Shells  
  125  8:56  Marauder, Marine  
  104  9:24  Marine x4  
  104  9:25  Marauder, Marine x4  
  104  9:26  Marauder  
  104  9:29  SCV x4  
  120  9:37  Siege Tank  
  123  9:41  SCV x4  
  123  9:42  Marine x5  
  132  9:47  Marauder x2, Marine x2  
  138  9:53  SCV  
  130  10:08  Marauder x2  
  130  10:10  Marine x2  
  130  10:11  Marine x4  
  130  10:12  Marine x2  
  142  10:27  Siege Tank  
  143  10:28  Marine x3  
  143  10:29  Marine x4  
  143  10:30  Marauder x2  
  143  10:34  Marine  
  154  10:35  Medivac  
  154  10:38  Raven  
  154  10:42  SCV x3  
  161  10:46  Marine  
  162  10:51  Marauder x2  
  162  10:54  Orbital Command  
  166  11:07  Marine x4  
  166  11:08  Marine x2  
  172  11:16  Supply Depot x2  
  172  11:17  Medivac  
  172  11:18  Marauder x2  
  154  11:34  Marine x5  
  154  11:36  SCV  
  154  11:37  SCV x3  
  154  11:39  Marauder x2  
  167  11:41  Refinery  
  167  11:43  Refinery  
  167  11:49  SCV  
Tags
 
League
Master
Matchup
TvZ
Replay Pack
Myownreplay2
Spawn Locations
Cross Positions
Add a new tag
Caveats
  • Supply blocks, unpowered buildings, or Contaminate may cause inaccurate times.
  • Supply counts are checked every 10 seconds.